 Dungeon Crawl Stone Soup version 0.26.0-8-g74fc34ddfb (webtiles) character file.

Game seed: 1935665110977887637

378 Froggeryz the Chopper (level 6, -1/37 HPs)
             Began as a Tengu Abyssal Knight on Jan 12, 2021.
             Was a Believer of Lugonu.
             Slain by a shadow imp (4 damage)
             ... summoned by Eustachio
             ... on level 4 of the Dungeon.
             The game lasted 00:03:16 (4140 turns).

Froggeryz the Chopper (Tengu Abyssal Knight)        Turns: 4140, Time: 00:03:16

Health: -1/37      AC:  7    Str: 11 (14) XL:     6   Next: 74%
Magic:  8/8        EV: 10    Int: 11 (13) God:    Lugonu [**....]
Gold:   152        SH:  0    Dex:  9 (13) Spells: 5/5 levels left

rFire    . . .     SeeInvis .   a - +1 hand axe
rCold    . . .     Faith    .   (no shield)
rNeg     . . .     Spirit   .   k - +0 scale mail
rPois    .         Reflect  .   (helmet restricted)
rElec    .         Harm     .   e - +0 cloak
rCorr    .         Rampage  .   (no gloves)
Will     +....     Rnd*Rage +   (boots unavailable)
Stlth    ..........             (no amulet)
HPRegen  0.12/turn              d - ring of willpower
MPRegen  0.11/turn              (no ring)

@: attractive
A: beak, talons 3, berserk 1, blurry vision 1, sense surroundings 1, able to fly
a: Fly, Renounce Religion, Depart the Abyss, Bend Space


You were on level 4 of the Dungeon.
You worshipped Lugonu.
Lugonu was pleased with you.
You visited 1 branch of the dungeon, and saw 4 of its levels.
You visited the Abyss 1 time.

You collected 152 gold pieces.

Inventory:

Hand Weapons
 a - a +1 hand axe (weapon)
Armour
 e - a +0 cloak (worn)
 k - a +0 scale mail (worn)
Jewellery
 d - a ring of willpower (left hand)
 f - an uncursed ring of fire
Scrolls
 b - a scroll of magic mapping {unknown}
 h - 2 scrolls of identify {unknown}
 i - a scroll of teleportation {unknown}
 j - a scroll of enchant armour {unknown}
 l - a scroll of remove curse {unknown}
Potions
 c - a potion of degeneration


   Skills:
 - Level 3.0 Fighting
 * Level 6.3 Axes
 - Level 2.1 Armour
 + Level 4.2 Dodging
 - Level 1.5 Invocations


You had 5 spell levels left.
You didn't know any spells.
Your spell library was empty.

Dungeon Overview and Level Annotations

Branches:
Dungeon (4/15)
 Temple: D:4-7

Altars:
Elyvilon
Makhleb
Ru
Vehumet
Yredelemnul

Annotations:
D:4 Eustachio


Innate Abilities, Weirdness & Mutations

You have a beak for a mouth.
You have claws for feet.
You can fly continuously.
You tend to lose your temper in combat.
Scrolls take you a little longer to read.
You passively map a small area around you.


Message History

Okay, then.
You closely miss Eustachio. Your kick misses Eustachio. You peck Eustachio.
Eustachio is severely wounded.
You hit the shadow imp.
You hit the shadow imp but do no damage.
You miss the quasit.
The quasit bites you but does no damage.
The quasit claws you but does no damage. x2
The shadow imp hits you but does no damage.
The shadow imp misses you. Eustachio hits you but does no damage.
You hit Eustachio.
Eustachio is severely wounded.
You barely miss the quasit. You completely miss the shadow imp.
You closely miss the shadow imp. The quasit barely misses you.
The quasit claws you.
* * * LOW HITPOINT WARNING * * *
You feel clumsy. The quasit barely misses you.
The shadow imp barely misses you. The shadow imp hits you.
You die...

*
,#.............####
* #.............# ,
,#.............#
,#....<........# ,
#.............# ,
#.............#
#.............#
#...5@5.......#
#....@........#
#.....5....... *
#.............
,#.............
,#.............
#............. *
#.............
**#.............
##############


You could see Eustachio, a quasit (summoned) and 2 shadow imps.

Vanquished Creatures
  A centaur (D:3)
  A hound (D:2)
  A centaur skeleton (D:4)
  2 worker ants
  10 adders
  2 oozes (D:1)
  4 worms
  2 leopard geckos (D:1)
  An orc (D:3)
  A ball python (D:2)
  9 bats
  4 giant cockroaches
  14 goblins
  7 hobgoblins
  4 quokkas
  10 frilled lizards
  6 kobolds
  8 rats
87 creatures vanquished.

Notes
Turn   | Place    | Note
-------+----------+-------------------------------------------
     0 | Abyss:1  | Froggeryz the Tengu Abyssal Knight began the quest for the
                  | Orb.
     0 | Abyss:1  | Reached XP level 1. HP: 14/14 MP: 3/3
    57 | Abyss:1  | Noticed a raiju
    61 | D:1      | Escaped the Abyss
    77 | D:1      | Noticed a demonspawn
    77 | D:1      | Noticed a minotaur
    79 | D:1      | Noticed a demigod
    79 | D:1      | Noticed a ghoul
    81 | D:1      | Noticed a human
    81 | D:1      | Noticed a halfling
    83 | D:1      | Noticed an ogre
    83 | D:1      | Noticed a merfolk
    85 | D:1      | Noticed a troll
    87 | D:1      | Noticed a gargoyle
    89 | D:1      | Noticed a centaur
    89 | D:1      | Noticed a felid
    91 | D:1      | Noticed a draconian
    91 | D:1      | Noticed a tengu
    93 | D:1      | Noticed an elf
    95 | D:1      | Noticed a naga
    95 | D:1      | Noticed a spriggan
    97 | D:1      | Noticed a formicid
    97 | D:1      | Noticed an octopode
    99 | D:1      | Noticed a dwarf
    99 | D:1      | Noticed a vine stalker
   101 | D:1      | Noticed a vampire
   123 | D:1      | Reached XP level 2. HP: 18/19 MP: 4/4
   157 | D:1      | Reached skill level 3 in Axes
   288 | D:1      | Reached * piety under Lugonu
   438 | D:1      | Reached XP level 3. HP: 23/23 MP: 5/5
  1239 | D:1      | Reached skill level 4 in Axes
  1239 | D:1      | Reached XP level 4. HP: 15/28 MP: 6/6
  1718 | D:2      | Reached ** piety under Lugonu
  1833 | D:2      | Found a burning altar of Makhleb.
  1848 | D:2      | Gained mutation: You can fly continuously. [Tengu growth]
  1848 | D:2      | Reached XP level 5. HP: 22/32 MP: 7/7
  2204 | D:3      | Reached skill level 5 in Axes
  2771 | D:3      | Noticed a centaur
  2793 | D:3      | Killed a centaur
  2794 | D:3      | Reached XP level 6. HP: 10/37 MP: 8/8
  3226 | D:3      | Found a white marble altar of Elyvilon.
  3230 | D:3      | Found a burning altar of Makhleb.
  3377 | D:3      | Reached skill level 6 in Axes
  3740 | D:4      | Found a basalt altar of Yredelemnul.
  3820 | D:4      | Found a radiant altar of Vehumet.
  4097 | D:4      | Found a sacrificial altar of Ru.
  4112 | D:4      | Noticed Eustachio
  4138 | D:4      | Gained mutation: You tend to lose your temper in combat.
                  | [potion of mutation]
  4138 | D:4      | Gained mutation: Scrolls take you a little longer to read.
                  | [potion of mutation]
  4138 | D:4      | Gained mutation: You passively map a small area around you.
                  | [potion of mutation]
  4140 | D:4      | Slain by a shadow imp

Illustrated notes

Levels and vault maps discovered:
D:1:      kb_arrival_jail, layout_basic, serial_glass, glass_columns_a,
          glass_columns_c, glass_columns_a, glass_columns_c, glass_columns_b,
          item_on_display_a, minmay_strange_pillars, due_unseen_surprise,
          minmay_strange_pillars
D:2:      layout_rooms, makhleb_heckhound_becter
D:3:      layout_rooms, gammafunk_temple_overflow_statue, minmay_unequal
D:4:      layout_gridville, vehumet_crystals, hangedman_ru_absence,
          yredelemnul_altar_generic, uniq_eustachio

Skill      XL: |  1  2  3  4  5  6 |
---------------+-------------------+-----
Axes           | 3 4 5 6 |  6.3
Dodging        | 2 3 4 |  4.2
Fighting       | |  3.0
Armour         | |  2.1
Invocations    | |  1.5

Action                   |  1- 3 |  4- 6 || total
-------------------------+-------+-------++-------
Melee: Hand axe          |    75 |   190 ||   265
       Peck              |    11 |    17 ||    28
       Kick              |    22 |    29 ||    51
Invok: Depart the Abyss  |     1 |       ||     1
  Use: Potion            |     2 |     4 ||     6
Armor: Leather armour    |    19 |       ||    19
       Ring mail         |     4 |    34 ||    38
       Scale mail        |       |    53 ||    53
Dodge: Dodged            |    47 |   117 ||   164
